 Dungeon Crawl Stone Soup version 0.26-a0-660-gc07710193c (webtiles) character file.

Game seed: 6838993088184699616

9460 jasper the Frost Mage (level 11, -1/89 HPs)
             Began as a Demigod Ice Elementalist on Oct 6, 2020.
             Slain by a cyclops (25 damage)
             ... on level 11 of the Dungeon.
             The game lasted 00:21:42 (10242 turns).

jasper the Frost Mage (Demigod Ice Elementalist)   Turns: 10242, Time: 00:21:42

Health: -1/89      AC:  8    Str: 15    XL:     11   Next: 3%
Magic:  32/32      EV: 12    Int: 21    God:
Gold:   244        SH:  0    Dex: 16    Spells: 7/21 levels left

rFire    . . .     SeeInvis .   a - staff of cold
rCold    + . .     Faith    .   (no shield)
rNeg     . . .     Spirit   .   I - +0 steam dragon scales
rPois    +         Reflect  .   G - +0 helmet
rElec    .         Harm     .   U - +0 cloak {MR+}
rCorr    .         Rampage  .   (no gloves)
MR       ++...                  (no boots)
Stlth    ++........             i - amulet of magic regeneration
HPRegen  0.24/turn              N - ring of magical power
MPRegen  0.48/turn              L - ring of poison resistance

@: frozen ramparts
A: high mp 1
a: no special abilities


You were on level 11 of the Dungeon.
You visited 1 branch of the dungeon, and saw 11 of its levels.

You collected 464 gold pieces.
You spent 220 gold pieces at shops.

Inventory:

Hand Weapons
 b - a +1 scimitar of flaming
 v - a +0 hand axe of flaming
 H - a +2 vorpal spear
 M - a +0 shortbow
Missiles
 e - 75 sling bullets
 f - 194 arrows
 g - 431 stones (quivered)
 w - 48 poisoned darts
 V - a throwing net
Armour
 d - a +0 plate armour
 o - a +0 ring mail
 C - a +0 scale mail
 F - a +0 robe
 G - a +0 helmet (worn)
 I - +0 steam dragon scales (worn)
 U - a +0 cloak of magic resistance (worn)
 X - a +0 buckler
Magical Staves
 a - an uncursed staff of cold (weapon)
Jewellery
 i - an amulet of magic regeneration (around neck)
 u - an uncursed amulet of guardian spirit
 y - an uncursed ring of protection from magic
 L - a ring of poison resistance (right hand)
 N - a ring of magical power (left hand)
 R - a cursed -4 ring of slaying {unknown}
Wands
 J - a wand of acid (10)
 O - a wand of random effects (30)
Scrolls
 h - 3 scrolls of enchant armour {unknown}
 m - 3 scrolls of fear {unknown}
 p - 4 scrolls of teleportation
 q - 8 scrolls of identify {unknown}
 r - 2 scrolls of fog {unknown}
 t - 3 scrolls of remove curse {unknown}
 z - 2 scrolls of immolation {unknown}
 A - a scroll of magic mapping {unknown}
 E - a scroll of blinking {unknown}
 K - 3 scrolls of noise {unknown}
 S - a scroll of random uselessness {unknown}
 W - a scroll of enchant weapon {unknown}
Potions
 c - 2 potions of ambrosia {unknown}
 j - 5 potions of brilliance {unknown}
 k - 4 potions of might {unknown}
 n - a potion of flight {unknown}
 s - a potion of lignification {unknown}
 x - a potion of berserk rage {unknown}
 B - 2 potions of stabbing {unknown}
 D - 2 potions of mutation {unknown}
 Q - a potion of magic {unknown}
Miscellaneous
 T - a tin of tremorstones (3/3)


   Skills:
 + Level 5.7 Fighting
 - Level 5.4 Armour
 - Level 1.7 Dodging
 - Level 1.7 Stealth
 * Level 2.5 Shields
 + Level 5.7 Spellcasting
 - Level 8.0 Conjurations
 + Level 1.4 Translocations
 - Level 10.0 Ice Magic


You had 7 spell levels left.
You knew the following spells:

 Your Spells              Type           Power        Failure   Level
a - Freeze                Ice            ####         1%          1
b - Frozen Ramparts       Ice            ######       1%          3
c - Hailstorm             Conj/Ice       ######..     2%          4
d - Summon Ice Beast      Ice/Summ       #####...     13%         4
e - Blink                 Tloc           N/A          9%          2

Your spell library contained the following spells:

 Spells                   Type           Power        Failure   Level
 Magic Dart               Conj           ####         1%          1
 Shock                    Conj/Air       ###.         1%          1
 Ozocubu's Armour         Ice            ######..     1%          3
 Conjure Flame            Conj/Fire      ###.....     6%          3
 Static Discharge         Conj/Air       ###.....     6%          3
 Mephitic Cloud           Conj/Pois/Air  ###.....     10%         3
 Call Imp                 Summ           #.......     16%         2
 Slow                     Hex            #.......     16%         2
 Swiftness                Air            #.......     16%         2
 Gell's Gravitas          Tloc           ##........   17%         3
 Confusing Touch          Hex            #.......     30%         3
 Metabolic Englaciation   Hex/Ice        #####.....   34%         5
 Lightning Bolt           Conj/Air       ###.......   47%         5
 Airstrike                Air            #.........   69%         4
 Petrify                  Tmut/Erth      #.......     69%         4
 Yara's Violent Unravell  Hex/Tmut       #.........   95%         5


Dungeon Overview and Level Annotations

Branches:
Dungeon (11/15)            Temple (0/1) D:7            Lair (0/6) D:9
    Orc (0/2) D:10

Shops:
D:7 =   D:8 (   D:11 (

Annotations:
D:4 Dowan, Duvessa, Sigmund
D:6 Prince Ribbit
D:7 2 transporters, DocEon's ghost, novice DDFi
D:8 exclusion: ice beast


Innate Abilities, Weirdness & Mutations

You have an increased reservoir of magic. (+10% MP)


Message History

Things that are here:
a large rock; a helmet You take 11 damage, and have 1/89 hp.
Okay, then.
Okay, then.
You feel better.
You regained 8 hp, and now have 9/89 hp.
You feel better.
You regained 6 hp, and now have 15/89 hp.
Casting: Hailstorm (dangerous; 2% risk of failure)
Confirm with . or Enter, or press ? or * to list all spells.
You feel a surge of power!
The walls around you are covered in ice.
The cyclops closely misses you.
You now have 29/32 mp.
You see here a large rock.
The wall freezes the cyclops!
MP restored: 32 You feel better.
The wall freezes the cyclops!
The cyclops hits you!!
You die...

.. #.....# #.###.#
#. #.....# #<..#.#
#. #.....# #.#.#.#
#.##.....# #.#.#.#
#..#.....# .#.#∩#.#
#.#.....##.#.#.#.#
#.......##.#.#.#.#
##(.....##.#.#.#.#
#.@....##.#.#.#.#
#C#.....#.#.#.#.#
#(#..####.#.#.#.#
###.(..##.....#.#.#
#......##.#.###.#.#
#.........#.....#.#
#.....###########.#
#....>............#
#....##############


You could see a cyclops.

Vanquished Creatures
  A boulder beetle (D:10)
  2 two-headed ogres
  Maggie (D:6)
  2 trolls (D:9)
  A hornet (D:7)
  4 yaks (D:9)
  A vampire (D:9)
  Eustachio (D:4)
  A wyvern (D:8)
  3 wraiths (D:10)
  A steam dragon (D:10)
  4 orc warriors
  3 sky beasts
  3 phantoms
  4 ogres
  4 centaurs
  A big kobold (D:9)
  7 bullfrogs
  2 gnoll sergeants
  3 scorpions
  4 killer bees (D:11)
  5 wights (D:10)
  5 howler monkeys
  2 centaur zombies
  A quasit (D:10)
  5 orc wizards
  2 orc priests
  3 bullfrog skeletons
  2 hounds
  4 jellies
  3 centaur skeletons
  6 iguanas
  8 worker ants
  4 hound zombies
  A howler monkey zombie (D:10)
  10 adders
  9 gnolls
  A shadow imp (D:6)
  5 white imps
  2 ufetubi (D:9)
  3 oozes
  3 dart slugs
  4 leopard geckos
  29 orcs
  9 bats
  5 giant cockroaches
  3 goblins (D:2)
  6 hobgoblins
  9 jackals
  12 kobolds
  3 quokkas
  3 ball pythons
  4 frilled lizards
  A jackal skeleton (D:9)
  A quokka skeleton (D:8)
  6 rats
232 creatures vanquished.

Vanquished Creatures (collateral kills)
  An acid dragon (D:9)
  An ogre (D:8)
  A bullfrog (D:9)
  An orc wizard (D:8)
  A worker ant (D:9)
5 creatures vanquished.

Vanquished Creatures (others)
  A fungus (D:5)
  17 plants
18 creatures vanquished.

Grand Total: 255 creatures vanquished

Notes
Turn   | Place    | Note
-------+----------+-------------------------------------------
     0 | D:1      | jasper the Demigod Ice Elementalist began the quest for the
                  | Orb.
     0 | D:1      | Reached XP level 1. HP: 14/14 MP: 5/5
   118 | D:1      | Reached skill level 4 in Ice Magic
   143 | D:1      | Reached XP level 2. HP: 20/20 MP: 7/7
   967 | D:2      | Reached XP level 3. HP: 8/26 MP: 8/8
  1252 | D:2      | Learned a level 3 spell: Frozen Ramparts
  1309 | D:2      | Found a basalt altar of Yredelemnul.
  1320 | D:2      | Found an ornate altar of the Wu Jian Council.
  1419 | D:2      | Found a glowing golden altar of the Shining One.
  1659 | D:2      | Reached skill level 5 in Ice Magic
  1731 | D:2      | Reached XP level 4. HP: 33/33 MP: 6/9
  2560 | D:4      | Noticed Eustachio
  2625 | D:4      | Killed Eustachio
  2625 | D:4      | Reached skill level 6 in Ice Magic
  2625 | D:4      | Reached XP level 5. HP: 38/38 MP: 5/10
  2680 | D:4      | Reached XP level 6. HP: 33/45 MP: 8/11
  2682 | D:4      | Noticed Duvessa
  2766 | D:4      | Noticed Dowan
  2846 | D:4      | Noticed Sigmund
  2853 | D:4      | Reached skill level 7 in Ice Magic
  2868 | D:5      | Entered Level 5 of the Dungeon
  3423 | D:5      | Learned a level 4 spell: Hailstorm
  3459 | D:5      | Reached skill level 8 in Ice Magic
  3459 | D:5      | Reached XP level 7. HP: 41/50 MP: 12/12
  3781 | D:6      | Noticed Maggie
  3790 | D:6      | Killed Maggie
  3790 | D:6      | Reached skill level 9 in Ice Magic
  3989 | D:6      | Reached XP level 8. HP: 57/57 MP: 10/13
  4074 | D:6      | Noticed Prince Ribbit
  4092 | D:6      | Reached skill level 10 in Ice Magic
  4217 | D:6      | Reached skill level 1 in Conjurations
  4394 | D:7      | Found a transporter.
  4395 | D:7      | Found a transporter.
  4396 | D:7      | Noticed DocEon's ghost (novice DDFi)
  4400 | D:7      | Noticed a queen bee
  4431 | D:7      | Reached skill level 1 in Fighting
  4431 | D:7      | Reached skill level 1 in Armour
  4437 | D:7      | Found Tuugeimp's Jewellery Shop.
  4446 | D:7      | Bought an uncursed ring of poison resistance for 220 gold
                  | pieces
  4595 | D:7      | Noticed a hornet
  4609 | D:7      | Noticed a hornet
  4627 | D:7      | Killed a hornet
  4764 | D:7      | Found a staircase to the Ecumenical Temple.
  5150 | D:7      | Learned a level 4 spell: Summon Ice Beast
  5231 | D:7      | Reached XP level 9. HP: 68/68 MP: 14/17
  5394 | D:8      | Found a hide-covered altar of Uskayaw.
  5528 | D:8      | Found a stormy altar of Qazlal.
  5676 | D:8      | Found Qoudios's Weapon Boutique.
  5721 | D:8      | Found an opulent altar of Gozag.
  6814 | D:9      | Reached skill level 5 in Conjurations
  7704 | D:9      | Reached XP level 10. HP: 56/80 MP: 20/20
  8031 | D:9      | Found a staircase to the Lair.
  8390 | D:10     | Entered Level 10 of the Dungeon
  8390 | D:10     | Noticed a boulder beetle
  8718 | D:10     | Killed a boulder beetle
  8718 | D:10     | Reached skill level 5 in Fighting
  8718 | D:10     | Reached skill level 5 in Armour
  8718 | D:10     | Reached skill level 5 in Spellcasting
  8754 | D:10     | Noticed a two-headed ogre
  8762 | D:10     | Killed a two-headed ogre
  9018 | D:10     | Learned a level 2 spell: Blink
  9440 | D:10     | Found a staircase to the Orcish Mines.
  9454 | D:10     | Reached skill level 1 in Shields
  9904 | D:10     | Reached skill level 1 in Translocations
 10098 | D:11     | Found Mok Fez's Antique Weapon Shoppe.
 10179 | D:11     | Noticed a two-headed ogre
 10187 | D:11     | Killed a two-headed ogre
 10187 | D:11     | Reached XP level 11. HP: 89/89 MP: 21/23
 10233 | D:11     | HP: 1/89 [cyclops/large rock (11)]
 10242 | D:11     | Slain by a cyclops

Illustrated notes

Levels and vault maps discovered:
D:1:      dpeg_arrival_boxes_within_box, layout_rooms
D:2:      layout_loops_ring, tso_oasis_becter, amethyst_overflow_temple_binary,
          serial_glass, glass_columns_a, glass_columns_c
D:3:      layout_basic
D:4:      layout_rooms, dk_rats_in_the_wall, uniq_duvessa, uniq_eustachio,
          uniq_sigmund
D:5:      layout_basic, serial_bayou, serial_bayou_pond_c, serial_bayou_ford_a,
          serial_bayou_shore_a, serial_bayou_pond_a, uniq_crazy_yiuf_cottage
D:6:      layout_gridville, basic_altar, uniq_maggie, uniq_prince_ribbit1
D:7:      layout_rooms, minmay_temple_entry_ruins, gammafunk_ghost_hive,
          serial_shops, shop
D:8:      layout_basic, grunt_gozag_breadcrumbs, eat_drink_and_be_merry_uskayaw,
          serial_shops, shop, hangedman_glass_teeth,
          nicolae_qazlal_style_of_elements
D:9:      minmay_bloctagon, layout_small_grid, lair_entry_dummy
D:10:     layout_basic, orc_0_dummy
D:11:     layout_basic, serial_shops, shop, kennysheep_small_square

Skill      XL: |  1  2  3  4  5  6  7  8  9 10 |
---------------+-------------------------------+-----
Ice Magic      | 4 5 6 8 9 10 | 10.0
Spellcasting   | 3 4 5 |  5.7
Conjurations   | 3 6 8 |  8.0
Fighting       | 2 4 5 |  5.7
Armour         | 2 4 5 |  5.4
Shields        | 2 |  2.5
Translocations | 1 |  1.4
Dodging        | |  1.7
Stealth        | |  1.7

Action                   |  1- 3 |  4- 6 |  7- 9 | 10-12 || total
-------------------------+-------+-------+-------+-------++-------
Melee: Spear             |    75 |    58 |    22 |       ||   155
       Hand axe          |       |    10 |       |       ||    10
       Staff             |       |     6 |    62 |    42 ||   110
       Scimitar          |       |       |    49 |    52 ||   101
Throw: Boomerang         |     7 |    20 |    12 |    13 ||    52
       Stone             |     4 |       |     2 |       ||     6
 Cast: Freeze            |     4 |     8 |    24 |     5 ||    41
       Frozen Ramparts   |     1 |    13 |    48 |    33 ||    95
       Hailstorm         |       |       |     6 |    18 ||    24
       Summon Ice Beast  |       |       |     5 |       ||     5
  Use: Potion            |       |     2 |       |     3 ||     5
       Scroll            |       |     1 |       |       ||     1
 Stab: Sleeping          |     7 |     5 |       |       ||    12
       Distracted        |       |     1 |       |       ||     1
Armor: Robe              |     8 |     8 |       |       ||    16
       Steam dragon scal |       |       |    55 |    46 ||   101
Dodge: Dodged            |    32 |    38 |   122 |    71 ||   263
       Rpst.: Scimitar   |       |       |    10 |    10 ||    20

Table legend: (Time is in decaauts)
 A = Elapsed time spent in this place.
 B = Non-inter-level travel time spent in this place.
 C = Inter-level travel time spent in this place.
 D = Time resting spent in this place.
 E = Time spent auto-exploring this place.
 F = Levels seen in this place.
 G = Mean time per level.
                   A        B        C        D        E       F      G
               +--------+--------+--------+--------+--------+-----+--------+
         Total |  10330 |   9854 |    476 |   1098 |   6757 |  11 |  939.1 |
       Dungeon |  10330 |   9854 |    476 |   1098 |   6757 |  11 |  939.1 |
               +--------+--------+--------+--------+--------+-----+--------+

Top non-repeatable levels by time:
    D:10: 1685 daAuts
     D:8: 1629 daAuts
     D:9: 1510 daAuts
     D:2: 1127 daAuts
     D:5: 916 daAuts
     D:7: 908 daAuts
     D:1: 854 daAuts
     D:3: 700 daAuts
     D:6: 612 daAuts
     D:4: 202 daAuts
    D:11: 184 daAuts
